 Dungeon Crawl Stone Soup version 0.18-a0-1211-g828307d (webtiles) character file.

18 ololoev the Firebug (level 2, -2/15 HPs)
             Began as a Deep Elf Fire Elementalist on Feb 2, 2016.
             Shot with an arrow by a centaur (9 damage)
             ... on level 5 of the Dungeon.
             The game lasted 00:02:48 (297 turns).

ololoev the Firebug (Deep Elf Fire Elementalist)     Turns: 297, Time: 00:02:48

Health: -2/15      AC:  2    Str:  5    XL:     2   Next: 51%
Magic:  4/8        EV: 13    Int: 19    God:
Gold:   73         SH:  0    Dex: 15    Spells: 1 memorised, 6 levels left

rFire  . . .     SeeInvis .     (no weapon)
rCold  . . .     Gourm    .     a - +0 robe
rNeg   + . .     Faith    .     (no shield)
rPois  .         Spirit   .     (no helmet)
rElec  .         Dismiss  .     (no cloak)
rCorr  .         Reflect  .     (no gloves)
SustAt .         Harm     .     (no boots)
MR     .....                    (no amulet)
Stlth  ++........               (no ring)
                                d - ring of positive energy (curse)

@: not resistant to hostile enchantments, unstealthy
A: no striking features
a: no special abilities

Inventory:

Armour
 a - a +0 robe (worn)
Jewellery
 d - a cursed ring of positive energy (left hand)
Scrolls
 h - 2 scrolls of identify {unknown}
 i - a scroll of amnesia {unknown}
Potions
 e - 2 potions of lignification {unknown}
Books
 b - a book of Flames

   Spells                             Type                      Level
   a - Flame Tongue                   Conjuration/Fire             1
   b - Throw Flame                    Conjuration/Fire             2
   c - Conjure Flame                  Conjuration/Fire             3
   d - Inner Flame                    Hexes/Fire                   3
   e - Sticky Flame                   Conjuration/Fire             4
   f - Fireball                       Conjuration/Fire             5
Comestibles
 c - a bread ration
 f - 2 meat rations
 g - a beef jerky


   Skills:
 - Level 2.4 Dodging
 - Level 2.4 Stealth
 + Level 3.2 Spellcasting
 * Level 2.1 Conjurations
 + Level 3.6 Fire Magic


You had 6 spell levels left.
You knew the following spells:

 Your Spells              Type           Power        Failure   Level  Hunger
a - Flame Tongue          Conj/Fire      ##...        6%          1    None


You were on level 5 of the Dungeon.
You were not hungry.

You visited 1 branch of the dungeon, and saw 5 of its levels.

You collected 73 gold pieces.

.....# ..##.# #####
#.##.#####...########
#.##.##...._........#
#.#.............>.!.###
#..#.#.................
#..........⌠........#
#..#.#..........$...#
#.#...##........@...#
#...#......_........c...
####.#####.....(....####
<....# ##.........#
###### ###########

Notes
Turn   | Place    | Note
--------------------------------------------------------------
     0 | D:1      | ololoev the Deep Elf Fire Elementalist began the quest for the Orb.
     0 | D:1      | Reached XP level 1. HP: 10/10 MP: 6/6
   147 | D:3      | Found a shattered altar of Ashenzari.
   248 | D:4      | Found Veasuus Nyul's Food Shop.
   254 | D:4      | Noticed Dowan
   256 | D:4      | Noticed Duvessa
   260 | D:4      | Noticed a phantom
   265 | D:5      | Entered Level 5 of the Dungeon
   269 | D:5      | Found a glowing silver altar of Zin.
   271 | D:5      | Found a snail-covered altar of Cheibriados.
   277 | D:5      | Reached XP level 2. HP: 6/15 MP: 2/8
   294 | D:5      | Noticed a centaur
   297 | D:5      | Shot with an arrow by a centaur

Dungeon Overview and Level Annotations

Branches:
Dungeon (5/15)
 Temple: D:4-7

Altars:
Ashenzari
Cheibriados
Zin

Shops:
D:4 %

Annotations:
D:4 Dowan, Duvessa


Message History

Confirm with . or Enter, or press ? or * to list all spells.
Aiming: Flame Tongue
Press: ? - help, Shift-Dir - straight line, f - hound skeleton
Aim: a hound skeleton You miscast Flame Tongue.
You are very lightly contaminated with residual magic.
Nothing appears to happen.
The hound skeleton barely misses you.
Casting: Flame Tongue
Confirm with . or Enter, or press ? or * to list all spells.
Aiming: Flame Tongue
Press: ? - help, Shift-Dir - straight line, f/p - hound skeleton
Aim: a hound skeleton The flame tongue hits the hound skeleton.
The hound skeleton barely misses you. The hound skeleton bites you.
Casting: Flame Tongue
Confirm with . or Enter, or press ? or * to list all spells.
Aiming: Flame Tongue
Press: ? - help, Shift-Dir - straight line, f/p - hound skeleton
Aim: a hound skeleton The flame tongue hits the hound skeleton.
The hound skeleton bites you.
Casting: Flame Tongue
Confirm with . or Enter, or press ? or * to list all spells.
Aiming: Flame Tongue
Press: ? - help, Shift-Dir - straight line, f/p - hound skeleton
Aim: a hound skeleton The flame tongue hits the hound skeleton.
You destroy the hound skeleton!
Your Conjurations skill increases to level 2!
You have reached level 2!
You now have 73 gold pieces (gained 9).
Found 16 stones.
Found 14 gold pieces.
Found a stone staircase leading down.
Found an amethyst potion.
h - 2 scrolls labeled HEROXZ UTECVAI (gained 1)
A centaur comes into view.
Your magical contamination has completely faded away.
The centaur wields a shortbow.
The centaur shoots an arrow.
The arrow hits you!
Ouch! That really hurt!
You die...

You could see a centaur.

Vanquished Creatures
  A hound skeleton (D:5)
  A giant cockroach (D:3)
  A hobgoblin (D:2)
  A bat (D:2)
  A kobold (D:2)
  A rat (D:2)
6 creatures vanquished.

Action                   || total
-------------------------++-------
 Cast: Flame Tongue      ||     8

Vault maps used:
D:1:      eino_arrival_cavern_b, hex_tiny, minmay_strange_pillars
D:3:      evilmike_ruin_ashenzari, minmay_ogre_servants
D:4:      serial_shops, shop, kennysheep_mini_moat, shop, nicolae_shop_stone,
          kennysheep_mini, first_bread, uniq_duvessa
D:5:      nicolae_overflow_crystal_walls, grunt_temple_overflow_open,
          portal_sewer_entry_f
